 Dungeon Crawl Stone Soup version 0.21.1-1-g345015f (webtiles) character file.

42 Fang the Skirmisher (level 3, -3/24 HPs)
             Began as a Gargoyle Berserker on May 14, 2018.
             Was a Believer of Trog.
             Slain by a worm (4 damage)
             ... on level 2 of the Dungeon.
             The game lasted 00:01:20 (1190 turns).

Fang the Skirmisher (Gargoyle Berserker)            Turns: 1190, Time: 00:01:21

Health: -3/24      AC:  5    Str: 21    XL:     3   Next: 56%
Magic:  3/3        EV: 12    Int:  7    God:    Trog [**....]
Gold:   56         SH:  0    Dex:  9    Spells: 2/2 levels left

rFire    . . .     SeeInvis .   a - +0 hand axe
rCold    . . .     Gourm    .   (no shield)
rNeg     + . .     Faith    .   b - +0 animal skin
rPois    ∞         Spirit   .   (no helmet)
rElec    +         Reflect  .   (no cloak)
rCorr    .         Harm     .   (no gloves)
MR       .....                  (no boots)
Stlth    +.........             (no amulet)
HPRegen  0.08/turn              (no ring)
MPRegen  0.08/turn              (no ring)

@: berserk cooldown, slowed, very slow
A: negative energy resistance 1, electricity resistance, unbreathing,
petrification resistance, rot immunity, AC +3
a: Berserk, Trog's Hand, Burn Spellbooks, Renounce Religion


You were on level 2 of the Dungeon.
You worshipped Trog.
Trog was pleased with you.
You were near starving.

You visited 1 branch of the dungeon, and saw 2 of its levels.

You collected 56 gold pieces.

Inventory:

Hand Weapons
 a - a +0 hand axe (weapon)
Armour
 b - a +0 animal skin (worn)
Scrolls
 e - 2 scrolls of magic mapping {unknown}
 h - 2 scrolls of identify {unknown}
 j - 2 scrolls of fear {unknown}
 k - a scroll of remove curse {unknown}
Potions
 d - a potion of heal wounds {unknown}
 f - 3 potions of brilliance {unknown}
 g - a potion of cancellation {unknown}
 i - a potion of degeneration {unknown}
 l - a potion of might {unknown}
 m - a potion of lignification {unknown}
 n - a potion of flight {unknown}
Comestibles
 c - 7 rations


   Skills:
 + Level 3.9 Fighting
 + Level 3.3 Axes
 + Level 2.4 Armour
 + Level 1.7 Dodging
 + Level 0.4 Stealth


You had 2 spell levels left.
You didn't know any spells.

Dungeon Overview and Level Annotations

Branches:
Dungeon (2/15)

Altars:
Dithmenos
Trog


Innate Abilities, Weirdness & Mutations

You are resistant to torment.
Your stone body is resilient. (AC +3)
You are immune to poison.
You resist negative energy. (rN+)
You are resistant to electric shocks. (rElec)
You can survive without breathing.
You are immune to petrification.
You are immune to rotting.


Message History

* * * LOW HITPOINT WARNING * * *
Unknown command.
You are too injured to fight recklessly!
Unknown command.
You are too injured to fight recklessly!
Unknown command.
You are too injured to fight recklessly!
Okay, then.
You hit the worm.
The worm is lightly wounded.
You hit the worm but do no damage. The worm barely misses you. x2
The worm bites you.
* * * LOW HITPOINT WARNING * * *
Unknown command.
You hit the worm but do no damage.
The worm is lightly wounded.
You hit the worm. The worm bites you.
* * * LOW HITPOINT WARNING * * *
The worm bites you.
You die...

#.# #.### ..# #....
###### #.# #.###
###....## #.# #.#
##.......###.# #.###
#)........##.# #....
#)...#ww†.##.# #.###
)...###@..##.# #..#
.._.#y#......## ##.#
....###...###.# #.#
#)...#....##..# #.##
#.........###.# #.#.
##.......####.#######...
###....##..............
######..#########....
.... #.##.


You could see a moth of wrath and 2 worms.

Vanquished Creatures
  An adder (D:2)
  A dart slug (D:1)
  2 giant cockroaches (D:2)
  3 goblins
  A hobgoblin (D:1)
  3 jackals (D:2)
  3 bats
  2 frilled lizards (D:1)
  3 kobolds
  17 rats
36 creatures vanquished.

Notes
Turn   | Place    | Note
-------+----------+-------------------------------------------
     0 | D:1      | Fang the Gargoyle Berserker began the quest for the Orb.
     0 | D:1      | Reached XP level 1. HP: 14/14 MP: 1/1
   493 | D:1      | Reached XP level 2. HP: 19/19 MP: 2/2
   717 | D:1      | Reached ** piety under Trog
  1012 | D:2      | Reached XP level 3. HP: 24/24 MP: 3/3
  1013 | D:2      | Found a shadowy altar of Dithmenos.
  1170 | D:2      | Noticed a moth of wrath
  1173 | D:2      | Found a bloodstained altar of Trog.
  1190 | D:2      | HP: 1/24 [worm (5)]
  1190 | D:2      | Slain by a worm

Skill      XL: |  1  2 |
---------------+-------+-----
Axes           | 3 |  3.3
Fighting       | |  3.9
Armour         | |  2.4
Dodging        | |  1.7
Stealth        | |  0.4

Action                   || total
-------------------------++-------
Melee: Hand axe          ||    77
Invok: Berserk           ||     1
Armor: Animal skin       ||    27
Dodge: Dodged            ||    60
